 Dungeon Crawl Stone Soup version 0.31-a0-196-g86fe4a5e66 (webtiles) character file.

Game seed: 3080945608245890699

7848 Dylgear the Cleaver (level 11, -4/83 HPs)
             Began as a Formicid Fighter on June 25, 2023.
             Was a Priest of Wu Jian.
             Slain by a two-headed ogre
             ... wielding a +0 giant club
              (7 damage)
             ... on level 10 of the Dungeon.
             The game lasted 00:27:54 (12186 turns).

Dylgear the Cleaver (Formicid Fighter)             Turns: 12186, Time: 00:27:55

Health: -4/83      AC: 11    Str: 30    XL:     11   Next: 44%
Magic:  11/11      EV: 10    Int:  7    God:    Wu Jian [***...]
Gold:   479        SH:  6    Dex: 15    Spells: 10/10 levels left

rFire   + . .        a - +0 war axe
rCold   . . .        c - +0 buckler
rNeg    . . .        n - +0 chain mail
rPois   .            (helmet unavailable)
rElec   .            (no cloak)
rCorr   .            (no gloves)
SInv    +            (no boots)
Will    +....        (no amulet) Stlth
                     b - ring "Awny" {rF+ Str+6}
HPRegen 0.33/turn    (no ring)
MPRegen 0.12/turn

%: no passive effects
@: no status effects
A: permanent stasis, dig shafts and tunnels, antennae 3, four strong arms
a: Dig, Shaft Self, Renounce Religion, Wall Jump, Serpent's Lash


You were on level 10 of the Dungeon.
You worshipped Wu Jian.
Wu Jian was most pleased with you.
You visited 2 branches of the dungeon, and saw 11 of its levels.

You collected 479 gold pieces.

Inventory:

Hand Weapons
 a - a +0 war axe (weapon)
 e - the +3 mace of Turmoil {heavy, rC+ rCorr Int-3 SInv}
   (You found it on level 2 of the Dungeon)

   Int:       It affects your intelligence (-3).
   rC:        It protects you from cold.
   SInv:      It lets you see invisible.
   rCorr:     It protects you from acid and corrosion.
 f - a +5 morningstar
Missiles
 g - 4 throwing nets
Armour
 c - a +0 buckler (worn)
 n - a +0 chain mail (worn)
 u - a +0 plate armour
Jewellery
 b - the ring "Awny" (left hand) {rF+ Str+6}
   (You acquired it on level 2 of the Dungeon)

   [ring of strength]

   Str:       It affects your strength (+6).
   rF:        It protects you from fire.
 m - a +6 ring of strength
Wands
 d - a wand of flame (9)
 i - a wand of paralysis (10)
 l - a wand of digging (4)
 q - a wand of polymorph (10)
 v - a wand of quicksilver (17)
Scrolls
 h - a scroll of identify
 r - 2 scrolls of poison
Potions
 k - 4 potions of attraction


   Skills:
 + Level 6.9 Fighting
 * Level 11.9 Axes
 * Level 10.1 Armour
 + Level 2.2 Dodging
 + Level 1.1 Stealth
 * Level 9.0 Shields


You had 10 spell levels left.
You didn't know any spells.
Your spell library contained the following spells:

 Spells                   Type           Power      Damage    Failure   Level
 Beastly Appendage        Tmut           0%         N/A       86%         1
 Necrotise                Necr           0%         1d4       86%         1
 Lesser Beckoning         Tloc           0%         N/A       95%         2
 Momentum Strike          Conj/Tloc      0%         3d8       95%         2
 Wereblood                Tmut           0%         N/A       95%         2
 Dazzling Flash           Conj/Hex       0%         N/A       99%         3
 Frozen Ramparts          Ice            0%         1d1       99%         3
 Spider Form              Tmut/Pois      0%         N/A       99%         3
 Vampiric Draining        Necr           0%         2d6       99%         3
 Volatile Blastmotes      Fire/Tloc      0%         2d10      99%         3
 Ice Form                 Ice/Tmut       0%         N/A       100%        4
 Iskenderun's Mystic Bla  Conj/Tloc      0%         2d3       100%        4
 Summon Ice Beast         Ice/Summ       0%         N/A       100%        4
 Agony                    Necr           0%         N/A       100%        5
 Fireball                 Conj/Fire      0%         3d3       100%        5
 Iskenderun's Battlesphe  Conj           0%         2d6       100%        5
 Conjure Ball Lightning   Conj/Air       0%         3x3d6     100%        6
 Starburst                Conj/Fire      0%         6d3       100%        6
 Orb of Destruction       Conj           0%         9d5       100%        7
 Blink                    Tloc           Unusable   N/A       N/A         2

Dungeon Overview and Level Annotations

Branches:
Dungeon (10/15)            Temple (1/1) D:4             Orc (0/2) D:9
   Lair: D:8-11

Altars:
Ashenzari
Cheibriados
Dithmenos
Elyvilon
Fedhas
Gozag
Hepliaklqana
Kikubaaqudgha
Makhleb
Nemelex Xobeh
Okawaru
Qazlal
Ru
Sif Muna
Trog
Uskayaw
Vehumet
Wu Jian
Xom
Yredelemnul
Zin
The Shining One

Annotations:
D:7 3 runed translucent doors, hgbash's ghost, novice TrFi
D:10 Maurice


Innate Abilities, Weirdness & Mutations

You cannot be hasted, slowed, berserked, paralysed or teleported.
You can dig through walls and to a lower floor.
You have a pair of large antennae on your head. (SInv)
Your four strong arms can wield two-handed weapons with a shield.


Message History

Unknown command.
Unknown command.
Aiming: Wall Jump
Press: ? - help, Dir - move target You repeatedly attack the two-headed ogre from above.
You hit the two-headed ogre but do no damage.
The two-headed ogre is moderately wounded.
You hit the two-headed ogre but do no damage.
The two-headed ogre is moderately wounded.
The two-headed ogre hits you with a +0 giant club!
You block the two-headed ogre's attack. The two-headed ogre closely misses you.
The two-headed ogre hits you with a +0 giant club!
You spin and attack the two-headed ogre.
You hit the two-headed ogre but do no damage.
The two-headed ogre is moderately wounded.
Unknown command.
Unknown command.
You spin and attack the two-headed ogre.
You hit the two-headed ogre.
The two-headed ogre is moderately wounded.
The two-headed ogre hits you with a +0 giant club!!
The two-headed ogre hits you with a +0 giant club.
Unknown command.
Unknown command.
Aiming: Wall Jump
Press: ? - help, Dir - move target You repeatedly attack the two-headed ogre from above.
You slash the two-headed ogre!
The two-headed ogre is heavily wounded.
You barely miss the two-headed ogre.
The two-headed ogre is heavily wounded.
The two-headed ogre hits you with a +0 giant club!
* * * LOW HITPOINT WARNING * * *
The two-headed ogre hits you with a +0 giant club!
* * * LOW HITPOINT WARNING * * *
Okay, then.
Okay, then.
The two-headed ogre attacks as you move away!
The two-headed ogre hits you with a +0 giant club!
You die...

.......#.........##.# #...#..#.
.......#............####.......
#.).###........#............#.#
#))###..........##..##.....##.#
..)#............#.............#
.....#...[......#....(......#.###
...###..........#..##............
##.# #...........°.##.........###
##.####.....[..#@O.###..###.(.###
..†............°.°...............
..†....................#.........
.................................
.................................
..............................[..
.................................
.......#...........##.##.........
.......###.........##.#..........


You could see a two-headed ogre.

Vanquished Creatures
  Harold (D:10)
  A troll (D:9)
  Grinder (D:4)
  4 dream sheep
  9 yaks
  2 shadows (D:8)
  A wraith (D:10)
  Eustachio (D:6)
  Grum (D:9)
  A steam dragon (D:8)
  An acid dragon (D:9)
  3 water moccasins
  3 orc warriors
  3 ice beasts
  3 ogres
  3 centaurs
  2 wolves (D:10)
  4 kobold brigands
  A phantom (D:5)
  3 bullfrogs
  A wyvern zombie (D:7)
  3 gnoll sergeants
  A scorpion (D:5)
  4 wights (D:9)
  An electric eel (D:7)
  5 howler monkeys
  2 jellies
  4 hounds
  2 orc priests
  2 gnoll boudas
  3 orc wizards
  A sleepcap (D:4)
  4 iguanas (D:5)
  Ijyb (D:3)
  Natasha (twice) (D:4)
  Robin (D:2)
  21 gnolls
  6 adders
  A shadow imp (D:5)
  A white imp (D:5)
  An ufetubus (D:5)
  4 dart slugs
  20 orcs
  7 bats
  7 endoplasms
  4 giant cockroaches
  10 hobgoblins
  A quokka (D:5)
  10 ball pythons
  2 frilled lizards (D:1)
  9 goblins
  27 kobolds
  5 rats
221 creatures vanquished.

Vanquished Creatures (collateral kills)
  A wight (D:9)
1 creature vanquished.

Grand Total: 222 creatures vanquished

Notes
Turn   | Place    | Note
-------+----------+-------------------------------------------
     0 | D:1      | Dylgear the Formicid Fighter began the quest for the Orb.
     0 | D:1      | Reached XP level 1. HP: 18/18 MP: 1/1
    81 | D:1      | Reached XP level 2. HP: 24/24 MP: 2/2
   751 | D:2      | Noticed Robin
   759 | D:2      | Reached XP level 3. HP: 29/29 MP: 3/3
   768 | D:2      | Killed Robin
   869 | D:2      | Reached XP level 4. HP: 37/37 MP: 4/4
   874 | D:2      | Reached skill level 3 in Axes
  1084 | D:2      | Reached XP level 5. HP: 15/42 MP: 5/5
  1451 | D:2      | Identified a scroll of acquirement
  1451 | D:2      | Acquired the ring "Awny" {rF+ Str+6}
  1511 | D:2      | Identified the +3 mace of Turmoil {heavy, rC+ rCorr Int-3
                  | SInv}
  1685 | D:3      | Found an opulent altar of Gozag.
  1764 | D:3      | Reached skill level 4 in Axes
  1847 | D:3      | Noticed Ijyb
  1866 | D:3      | Killed Ijyb
  1867 | D:3      | Reached XP level 6. HP: 43/48 MP: 6/6
  2407 | D:3      | Reached skill level 5 in Shields
  2827 | D:4      | Noticed Natasha
  2835 | D:4      | Killed Natasha
  2850 | D:4      | Reached skill level 5 in Axes
  3119 | D:4      | Found a staircase to the Ecumenical Temple.
  3128 | Temple   | Entered the Ecumenical Temple
  3464 | Temple   | Became a worshipper of the Wu Jian Council
  3515 | D:4      | Reached XP level 7. HP: 47/54 MP: 7/7
  3544 | D:4      | Noticed Natasha
  3573 | D:4      | Killed Natasha
  4018 | D:5      | Entered Level 5 of the Dungeon
  4123 | D:5      | HP: 1/54 [gnoll/+0 halberd[a gnoll bouda] (12)]
  4318 | D:5      | Noticed Grinder
  4334 | D:4      | Killed Grinder
  4335 | D:4      | Reached skill level 6 in Axes
  4335 | D:4      | Reached skill level 5 in Armour
  4335 | D:4      | Reached skill level 1 in Dodging
  4493 | D:5      | Reached XP level 8. HP: 61/61 MP: 8/8
  5091 | D:5      | Reached * piety under Wu Jian
  5174 | D:5      | Reached skill level 7 in Axes
  5605 | D:5      | Found a glowing silver altar of Zin.
  6046 | D:6      | Noticed Eustachio
  6057 | D:6      | Killed Eustachio
  6216 | D:6      | Reached XP level 9. HP: 47/67 MP: 9/9
  6222 | D:6      | Reached skill level 8 in Axes
  6698 | D:6      | Reached skill level 5 in Fighting
  7658 | D:7      | Found a runed translucent gate.
  7658 | D:7      | Found a runed translucent gate.
  7658 | D:7      | Found a runed translucent gate.
  7658 | D:7      | Noticed hgbash's ghost (novice TrFi)
  7663 | D:7      | Found a basalt altar of Yredelemnul.
  7845 | D:7      | Found a snail-covered altar of Cheibriados.
  7968 | D:7      | Reached skill level 9 in Axes
  8008 | D:7      | Found a bloodstained altar of Trog.
  8012 | D:7      | Found a radiant altar of Vehumet.
  8623 | D:8      | Found a shimmering blue altar of Sif Muna.
  8722 | D:8      | Reached XP level 10. HP: 65/76 MP: 10/10
  8985 | D:8      | Reached skill level 10 in Axes
  9359 | D:8      | Found a burning altar of Makhleb.
  9360 | D:8      | Found an iron altar of Okawaru.
  9577 | D:8      | Found the +5 robe of Night {Dark Will+ SInv}
  9584 | D:8      | Reached skill level 1 in Stealth
  9651 | D:9      | Reached ** piety under Wu Jian
  9989 | D:9      | Reached skill level 11 in Axes
 10102 | D:9      | Reached XP level 11. HP: 55/83 MP: 11/11
 10280 | D:9      | Found a staircase to the Orcish Mines.
 10939 | D:9      | HP: 5/106 [wight/+5 morningstar (1)]
 10941 | D:9      | HP: 2/108 [wight/+5 morningstar (4)]
 11310 | D:10     | Entered Level 10 of the Dungeon
 11470 | D:10     | Noticed Maurice
 11675 | D:10     | Noticed Harold
 11802 | D:10     | Noticed Grum
 11816 | D:10     | Killed Harold
 11817 | D:10     | Noticed a two-headed ogre
 11829 | D:9      | Killed Grum
 11981 | D:10     | Reached skill level 10 in Armour
 12090 | D:10     | Reached *** piety under Wu Jian
 12185 | D:10     | HP: 3/83 [two-headed ogre/+0 giant club (11)]
 12186 | D:10     | Slain by a two-headed ogre

Illustrated notes

Levels and vault maps discovered:
D:1:      scummos_arrival_checkerplants, layout_basic
D:2:      layout_basic, chequers_serial_rivers_micro_e, hangedman_glass_garden,
          serial_bayou_pond_b, uniq_robin
D:3:      minmay_door_path, layout_basic, lemuel_crystal_altar, uniq_ijyb
D:4:      layout_layer_cave, minmay_temple_entry_junction, uniq_natasha
D:5:      layout_basic, lemuel_coloured_pillars_altar, minmay_diced_spiral,
          uniq_grinder
D:6:      layout_layer_cave, uniq_eustachio
D:7:      layout_loops_ring, nicolae_overflow_squiral, kennysheep_mini,
          nicolae_yredelemnul_ghost_church
D:8:      layout_basic, lemuel_blue_sif_altar, nicolae_overflow_hidden_temple,
          hellmonk_guarded_unrand_night
D:9:      layout_loops_ring, orc_0_dummy, hangedman_abyss_or_decor_stagger,
          serial_park_tiny_1, dreamdust_gnoll_shepherd
D:10:     layout_rooms, uniq_grum, uniq_harold, uniq_maurice
Temple:   compressed_dpeg_triangle_lava_temple

Skill      XL: |  1  2  3  4  5  6  7  8  9 10 11 |
---------------+----------------------------------+-----
Axes           | 3 4 5 6 7 9 11 | 11.9
Armour         | 4 5 6 7 9 10 | 10.1
Shields        | 5 6 7 8 9 |  9.0
Fighting       | 4 5 6 |  6.9
Dodging        | 1 2 |  2.2
Stealth        | 1 |  1.1

Action                     |  1- 3 |  4- 6 |  7- 9 | 10-12 || total
---------------------------+-------+-------+-------+-------++-------
  Melee: War axe           |    64 |   166 |   282 |   347 ||   859
Ability: Lunge             |       |       |    21 |    18 ||    39
         Whirlwind         |       |       |     1 |    26 ||    27
         Wall Jump         |       |       |       |     4 ||     4
    Use: Scroll            |       |     8 |     6 |     5 ||    19
         Potion            |       |       |     3 |     8 ||    11
 Armour: Scale mail        |    27 |    29 |       |       ||    56
         Chain mail        |       |    66 |   110 |   106 ||   282
         Skin              |       |       |       |     6 ||     6
  Dodge: Dodged            |    31 |    74 |   113 |   123 ||   341
  Block: Buckler           |    23 |    51 |    86 |    88 ||   248

Table legend: (Time is in decaauts)
 A = Elapsed time spent in this place.
 B = Non-inter-level travel time spent in this place.
 C = Inter-level travel time spent in this place.
 D = Time resting spent in this place.
 E = Time spent auto-exploring this place.
 F = Levels seen in this place.
 G = Mean time per level.
                   A        B        C        D        E       F      G
               +--------+--------+--------+--------+--------+-----+--------+
         Total |  12317 |  11464 |    853 |   2592 |   6102 |  11 | 1119.7 |
       Dungeon |  11963 |  11110 |    853 |   2592 |   5827 |  10 | 1196.3 |
        Temple |    353 |    353 |      0 |      0 |    275 |   1 |  353.0 |
               +--------+--------+--------+--------+--------+-----+--------+

Top non-repeatable levels by time:
     D:9: 1962 daAuts
     D:5: 1513 daAuts
     D:8: 1489 daAuts
     D:4: 1422 daAuts
     D:6: 1359 daAuts
     D:7: 1177 daAuts
     D:3: 1036 daAuts
     D:2: 922 daAuts
     D:1: 757 daAuts
  Temple: 353 daAuts
    D:10: 323 daAuts
